 Dungeon Crawl Stone Soup version 0.14.0-12-g87ee3b7 (webtiles) character file.

65 Leibowitz the Gusty (level 3, 0/20 HPs)
             Began as a Kobold Wanderer on Apr 15, 2014.
             Slain by a jackal (1 damage)
             ... on Level 1 of the Dungeon.
             The game lasted 00:03:25 (1211 turns).

Leibowitz the Gusty (Kobold Wanderer)               Turns: 1211, Time: 00:03:25

HP   0/20        AC  4     Str 10      XL: 3   Next: 12%
MP   1/9         EV 14     Int 13      God:
Gold 42          SH  0     Dex 18      Spells:  1 memorised,  7 levels left

rFire  . . .     SeeInvis .     c - +0 dagger
rCold  . . .     Clarity  .     b - +0 robe
rNeg   . . .     Conserve .     (no shield)
rPois  .         rCorr    .     (no helmet)
rElec  .         rRot     .     (no cloak)
SustAb . .       Spirit   .     (no gloves)
rMut   .         Warding  .     (no boots)
Saprov + + .     Stasis   .     (no amulet)
MR     .....                    (no ring)
                                (no ring)

@: brilliant, very slightly contaminated, not resistant to hostile enchantments,
fairly stealthy
A: disease resistance, icy blue scales 1, carnivore 3, saprovore 2, shaggy fur
1, wild magic 1
a: no special abilities


You were on level 1 of the Dungeon.
You were not hungry.

You visited 1 branch of the dungeon, and saw 1 of its levels.

You collected 42 gold pieces.

Inventory:

Hand weapons
 c - a +0,+0 dagger (weapon)
Armour
 b - a +0 robe (worn)
Comestibles
 d - a meat ration
Scrolls
 a - a scroll of immolation {unknown}
 e - a scroll of random uselessness {unknown}
 f - a scroll of teleportation {unknown}
 h - a scroll of remove curse {unknown}
 j - a scroll of enchant armour {unknown}


   Skills:
 * Level 1.3 Fighting
 + Level 0.6 Short Blades
 - Level 1.3 Throwing
 * Level 1.4 Dodging
 * Level 1.7 Stealth
 - Level 3.0 Spellcasting
   Level 5.0 Air Magic
   Level 1.0 Invocations


You had 7 spell levels left.
You knew the following spells:

 Your Spells              Type           Power        Failure   Level  Hunger
a - Flame Tongue          Conj/Fire      ##...        4%          1    #......


Dungeon Overview and Level Annotations

Branches:
Dungeon (1/15)

Altars:


Innate Abilities, Weirdness & Mutations

You recuperate from illness quickly.
You are small and have problems with some larger weapons.
You are carnivorous and can eat meat at any time.
You can eat rotten meat.
You are partially covered in icy blue scales (AC +1).
You are covered in fur (AC +1).
Your spells are a little harder to cast, but a little more powerful.


Message History

Press: ? - help, Shift-Dir - straight line, f - jackal
Aim: a jackal The flame tongue hits the jackal.
The jackal is moderately wounded.
The jackal misses you.
Casting: Flame Tongue
Confirm with . or Enter, or press ? or * to list all spells.
Aiming: Flame Tongue
Press: ? - help, Shift-Dir - straight line, f/p - jackal
Aim: a jackal (moderately wounded)
The flame tongue misses the jackal.
The jackal bites you.
* * * LOW HITPOINT WARNING * * *
The jackal bites you but does no damage.
Casting: Flame Tongue
Confirm with . or Enter, or press ? or * to list all spells.
Aiming: Flame Tongue
Press: ? - help, Shift-Dir - straight line, f/p - jackal
Aim: a jackal (moderately wounded)
The flame tongue misses the jackal.
The jackal bites you.
You die...

#.# #.# #.# #.#
#.# #.# #.#
#..########.#
#....h@.....#
....#######..##
#%.# #..# ....#
###.## #.# ..#
###


You could see a jackal.

Vanquished Creatures
  An ooze (D:1)
  3 goblins (D:1)
  3 hobgoblins (D:1)
  5 jackals (D:1)
  4 bats (D:1)
  A kobold (D:1)
17 creatures vanquished.

Notes
Turn   | Place    | Note
--------------------------------------------------------------
     0 | D:1      | Leibowitz, the Kobold Wanderer, began the quest for the Orb.
     0 | D:1      | Reached XP level 1. HP: 10/10 MP: 6/6
   427 | D:1      | Reached skill level 1 in Dodging
   427 | D:1      | Reached XP level 2. HP: 11/16 MP: 8/8
   459 | D:1      | Reached skill level 1 in Stealth
   558 | D:1      | Reached skill level 1 in Fighting
  1205 | D:1      | Gained mutation: You are covered in fur (AC +1). [potion of mutation]
  1205 | D:1      | Gained mutation: Your spells are a little harder to cast, but a little more powerful. [potion of mutation]
  1205 | D:1      | Gained mutation: You are partially covered in icy blue scales (AC +1). [potion of mutation]
  1206 | D:1      | Reached XP level 3. HP: 2/20 MP: 6/9
  1210 | D:1      | HP: 1/20 [jackal (1)]
  1211 | D:1      | Slain by a jackal

Action                   || total
-------------------------++-------
Melee: Dagger            ||    99
 Cast: Flame Tongue      ||     9
  Use: Potion            ||     2
